 Dungeon Crawl Stone Soup version 0.31-a0-152-g6aa68a64a1 (webtiles) character file.

Game seed: 5309519697638634176

76 qw the Shooter (level 4, -1/38 HPs)
             Began as a Minotaur Hunter on June 10, 2023.
             Slain by a gnoll
             ... wielding a +0 halberd of protection
              (5 damage)
             ... on level 3 of the Dungeon.
             The game lasted 00:00:32 (1158 turns).

qw the Shooter (Minotaur Hunter)                    Turns: 1158, Time: 00:00:33

Health: -1/38      AC:  3    Str: 16    XL:     4   Next: 12%
Magic:  3/3        EV: 17    Int:  6    God:
Gold:   135        SH:  0    Dex: 15    Spells: 3/3 levels left

rFire   . . .        Y - +0 shortbow
rCold   . . .        (shield currently unavailable)
rNeg    . . .        c - +0 leather armour
rPois   .            (helmet restricted)
rElec   .            (no cloak)
rCorr   .            (no gloves)
SInv    .            (no boots)
Will    .....        (no amulet)
Stlth   +            g - +5 ring of evasion
HPRegen 0.26/turn    (no ring)
MPRegen 0.08/turn

%: no passive effects
@: about to teleport
A: horns 2, retaliatory headbutt
a: no special abilities


You were on level 3 of the Dungeon.
You visited 1 branch of the dungeon, and saw 3 of its levels.

You collected 135 gold pieces.


Innate Abilities, Weirdness & Mutations

You have a pair of horns on your head.
You reflexively headbutt those who attack you in melee.


   Skills:
 + Level 3.0 Fighting
 - Level 6.0 Ranged Weapons
 - Level 2.1 Dodging
 - Level 0.7 Stealth


You had 3 spell levels left.
You didn't know any spells.
Your spell library was empty.

Inventory:

Hand Weapons
 Y - a +0 shortbow (weapon)
Armour
 c - a +0 leather armour (worn)
 d - a +3 leather armour
Jewellery
 b - a ring of ice
 g - a +5 ring of evasion (left hand)
Scrolls
 e - 5 scrolls of identify
Potions
 f - a potion of heal wounds
 h - a potion of curing
 i - a potion of lignification {unknown}

Dungeon Overview and Level Annotations

Branches:
Dungeon (3/15)

Altars:

Annotations:
D:3 exclusion: gnoll


Message History

You shoot an arrow. The arrow hits the gnoll.
The gnoll is almost dead.
The gnoll misses you.
You shoot an arrow. The arrow closely misses the gnoll.
The gnoll barely misses you.
You shoot an arrow. The arrow hits the gnoll!
You kill the gnoll!
The gnoll hits you from afar with a +0 halberd of protection!
Your Ranged Weapons skill increases to level 6!
You have reached level 4!
You feel stronger.
Enter note:
1148 ||| UPGRADING to +3 leather armour.
The gnoll misses you.
You start removing your armour.
You continue taking off your +0 leather armour.
The gnoll barely misses you.
You continue taking off your +0 leather armour.
The gnoll completely misses you.
You continue taking off your +0 leather armour.
The gnoll barely misses you.
You continue taking off your +0 leather armour.
The gnoll hits you from afar with a +0 halberd of protection.
You finish taking off your +0 leather armour.
1153 ||| UPGRADING to +0 leather armour.
The gnoll closely misses you.
You start putting on your armour.
You continue putting on your +0 leather armour.
The gnoll closely misses you.
You continue putting on your +0 leather armour.
The gnoll misses you.
You continue putting on your +0 leather armour.
The gnoll hits you from afar with a +0 halberd of protection!
You continue putting on your +0 leather armour.
The gnoll barely misses you.
You finish putting on your +0 leather armour.
1158 ||| READING scroll of teleportation.
As you read the scroll of teleportation, it crumbles to dust.
You feel strangely unstable.
The gnoll hits you from afar with a +0 halberd of protection.
You die...

#####.../......%%...)%.#####..#
.........#######..####.# #..#
#####.#### #..# # #..#
........# #..# #.#####..#
..###.#.# #..# #........#
.....)#.########..# #######.##
#.#####..gg..g.g..# #.# .## ###
#.## #.# ## #@# #.#
#.###########.# #.............#
###############


You could see a gnoll.

Vanquished Creatures
  A gnoll (D:3)
  3 dart slugs
  3 ball pythons
  8 bats
  4 endoplasms
  A giant cockroach (D:1)
  5 goblins (D:2)
  6 hobgoblins
  6 jackals (D:2)
  2 kobolds
  2 quokkas (D:2)
  4 frilled lizards
  8 rats
53 creatures vanquished.

Notes
Turn   | Place    | Note
-------+----------+-------------------------------------------
     0 | D:1      | qw the Minotaur Hunter began the quest for the Orb.
     0 | D:1      | Reached XP level 1. HP: 18/18 MP: 0/0
     0 | D:1      | 0 ||| qw: Version: 0.2-a-122-gbc61b45
     0 | D:1      | 0 ||| qw: Game counter: 3551
     0 | D:1      | 0 ||| qw: Always use a shield: true
     0 | D:1      | 0 ||| qw: God list: Okawaru
     0 | D:1      | 0 ||| qw: Allow faded altars: false
     0 | D:1      | 0 ||| qw: Do Orc after D:15 true
     0 | D:1      | 0 ||| qw: Do second Lair branch before Depths: true
     0 | D:1      | 0 ||| qw: Lair rune preference: random
     0 | D:1      | 0 ||| qw: Plans: Normal
     0 | D:1      | 0 ||| PLANNING D:1-11
   181 | D:1      | Reached XP level 2. HP: 25/25 MP: 1/1
   262 | D:1      | Reached skill level 5 in Ranged Weapons
   329 | D:1      | Reached skill level 3 in Fighting
   437 | D:1      | 437 ||| UPGRADING to +5 ring of evasion.
   438 | D:1      | 438 ||| READING scroll labelled JOSHEI LIRUISCH.
   441 | D:1      | 441 ||| READING 4 scrolls labelled GEEMO FYNUO.
   442 | D:1      | 442 ||| READING scroll labelled LEON BIPTOMILU.
   443 | D:1      | 443 ||| READING 3 scrolls of identify.
   443 | D:1      | 443 ||| IDENTIFYING puce potion
   444 | D:1      | 444 ||| READING 2 scrolls of identify.
   444 | D:1      | 444 ||| IDENTIFYING viscous grey potion
   445 | D:1      | 445 ||| DROPPING scroll of butterflies.
   478 | D:2      | Reached XP level 3. HP: 31/31 MP: 2/2
   917 | D:2      | 917 ||| READING 3 scrolls labelled HUSONG OTAEKO.
   918 | D:2      | 918 ||| READING scroll labelled ZUWEDI ULOTEA.
   919 | D:2      | 919 ||| READING 5 scrolls of identify.
   919 | D:2      | 919 ||| IDENTIFYING coppery potion
   920 | D:2      | 920 ||| DROPPING 2 scrolls of fog.
   921 | D:2      | 921 ||| DROPPING potion of degeneration.
  1130 | D:3      | 1130 ||| Stepping ~*~*~tactically~*~*~ (outnumbered).
  1132 | D:3      | 1132 ||| Stepping ~*~*~tactically~*~*~ (outnumbered).
  1134 | D:3      | 1134 ||| Stepping ~*~*~tactically~*~*~ (outnumbered).
  1148 | D:3      | Reached skill level 6 in Ranged Weapons
  1148 | D:3      | Reached XP level 4. HP: 16/38 MP: 3/3
  1148 | D:3      | 1148 ||| UPGRADING to +3 leather armour.
  1153 | D:3      | 1153 ||| UPGRADING to +0 leather armour.
  1156 | D:3      | HP: 4/38 [gnoll/+0 halberd of protection (13)]
  1158 | D:3      | 1158 ||| READING scroll of teleportation.
  1158 | D:3      | Slain by a gnoll

Levels and vault maps discovered:
D:1:      heliophobic_arrival_dark_side_of_the_moon, layout_basic
D:2:      layout_basic
D:3:      layout_loops_ring

Skill      XL: |  1  2  3 |
---------------+----------+-----
Ranged Weapons | 5 6 |  6.0
Fighting       | 3 |  3.0
Dodging        | |  2.1
Stealth        | |  0.7

Action                     |  1- 3 |  4- 6 || total
---------------------------+-------+-------++-------
   Fire: Shortbow          |   113 |       ||   113
    Use: Scroll            |     8 |     1 ||     9
 Armour: Leather armour    |    11 |       ||    11
  Dodge: Dodged            |    43 |     8 ||    51

Table legend:
 A = Non-vault XP
 B = Vault XP
 C = Vault XP percentage of total XP
 D = Non-vault monster count
 E = Vault monster count
 F = Vault count percentage of total count
                 A         B        C        D         E       F
            +---------+---------+-------+---------+---------+-------
      Total |     109 |       0 |   0.0 |      53 |       0 |   0.0
            +---------+---------+-------+---------+---------+-------
        D:1 |      40 |       0 |   0.0 |      24 |       0 |   0.0
        D:2 |      42 |       0 |   0.0 |      21 |       0 |   0.0
        D:3 |      27 |       0 |   0.0 |       8 |       0 |   0.0
            +---------+---------+-------+---------+---------+-------
